Map: Pillars of Gold LE

Players

IIIIIIIIIIII - Winner!

  • Race: Terran Terran
  • League: Grandmaster
  • Spawn Location: 7:00

NORTHAMERICA

  • Race: Protoss Protoss
  • League: Grandmaster
  • Spawn Location: 1:00

VOD

Have the link to the VOD?

Description

Time

  • Played on: Feb. 20, 2021, 2:53 a.m.
  • Length: 14:43
Show
View Real Time Build Order
Export as new Build Order

IIIIIIIIIIII Terran - Winner!

Build Orders:  

Get SALT Encoding   

  12  0:00  SCV  
  13  0:12  SCV  
  14  0:19  Supply Depot  
  14  0:24  SCV  
  15  0:40  SCV  
  15  0:41  Barracks  
  16  0:55  SCV, Engineering Bay  
  17  1:03  Supply Depot  
  17  1:07  SCV  
  18  1:13  Refinery  
  18  1:28  Orbital Command  
  18  1:33  Marine  
  19  2:02  Command Center  
  19  2:10  Barracks Reactor  
  19  2:11  Bunker  
  19  2:15  SCV  
  20  2:17  Refinery  
  20  2:27  SCV  
  21  2:32  Factory  
  21  2:39  SCV  
  22  2:47  Marine x2  
  24  2:51  SCV  
  24  2:54  Barracks  
  25  3:03  SCV  
  26  3:06  Marine x2  
  28  3:15  Factory Tech Lab  
  28  3:17  SCV, Orbital Command  
  29  3:28  Engineering Bay  
  29  3:34  Siege Tank  
  29  3:35  Marine  
  29  3:39  SCV  
  29  3:40  Marine  
  35  3:44  Barracks Tech Lab  
  35  3:48  SCV  
  36  3:54  SCV  
  37  3:57  Terran Infantry Weapons Level 1  
  37  4:00  SCV  
  38  4:05  Stimpack  
  38  4:06  SCV  
  39  4:12  SCV, Siege Tank  
  43  4:18  SCV  
  44  4:24  SCV  
  44  4:25  Supply Depot  
  45  4:33  Starport  
  45  4:39  Marine  
  45  4:41  Command Center  
  46  4:46  Marine  
  46  4:51  SCV x2  
  46  4:52  Factory Reactor  
  49  4:54  Marine  
  49  4:55  Supply Depot  
  50  5:02  Barracks  
  50  5:04  SCV  
  50  5:05  SCV  
  52  5:07  Refinery  
  52  5:10  Refinery  
  52  5:17  SCV, Viking  
  52  5:20  Supply Depot  
  55  5:21  SCV  
  56  5:29  SCV, Supply Depot  
  56  5:33  SCV  
  56  5:35  Marine x2  
  60  5:38  Marauder  
  60  5:41  Supply Depot  
  62  5:45  SCV  
  62  5:46  SCV  
  64  5:52  Combat Shield, Terran Infantry Armor Level 1  
  64  5:57  Orbital Command  
  64  5:58  SCV  
  64  6:01  Marine, Marauder  
  68  6:05  Marauder  
  68  6:06  Marine  
  68  6:08  SCV  
  72  6:15  Orbital Command, Viking  
  74  6:19  Viking  
  74  6:20  SCV  
  74  6:23  SCV  
  78  6:26  Marine  
  78  6:27  Marauder  
  78  6:29  Factory Tech Lab  
  78  6:32  Marauder  
  83  6:33  SCV  
  83  6:39  Barracks  
  84  6:43  SCV, Barracks  
  84  6:46  Medivac  
  87  6:49  Marine, Medivac  
  87  6:53  SCV x2  
  92  7:04  SCV  
  92  7:05  SCV  
  92  7:06  SCV  
  95  7:09  Siege Tank  
  95  7:12  Marauder  
  95  7:13  Marine  
  101  7:18  Marine, Supply Depot, SCV, Medivac  
  101  7:19  Marauder, Medivac  
  101  7:21  Supply Depot  
  109  7:27  Supply Depot  
  109  7:28  Supply Depot  
  109  7:32  Armory  
  109  7:34  Engineering Bay  
  109  7:35  Barracks Tech Lab  
  109  7:37  Barracks Reactor  
  109  7:39  SCV x3  
  112  7:49  Marauder  
  112  7:50  Marauder  
  112  7:51  SCV, Siege Tank, Medivac  
  119  7:53  Medivac  
  119  7:55  SCV  
  119  7:58  Marine, Marauder  
  128  8:01  Refinery  
  128  8:03  SCV x2  
  128  8:04  Refinery  
  130  8:06  Supply Depot  
  130  8:08  Marine  
  130  8:11  Marauder  
  133  8:19  Marine x3, Marauder x2  
  140  8:26  Marine  
  141  8:32  Marauder  
  136  8:37  Marine  
  136  8:38  Marine  
  136  8:39  Marine  
  136  8:41  Marauder x2  
  140  8:44  Marine  
  140  8:45  SCV x3  
  148  8:57  Marauder  
  148  9:02  Terran Infantry Armor Level 2  
  149  9:06  Marine x2  
  149  9:07  Terran Infantry Weapons Level 2, Marauder  
  149  9:13  Barracks  
  149  9:14  Marine x2, Siege Tank, Barracks  
  149  9:15  Supply Depot, Marauder  
  156  9:17  Supply Depot  
  156  9:24  Marine  
  157  9:36  Marine x4  
  157  9:37  Marauder x2  
  165  9:39  Medivac  
  165  9:42  Marine  
  168  9:45  Terran Ship Weapons Level 1  
  168  9:47  Siege Tank  
  168  9:48  Viking  
  173  9:54  Marine x3  
  173  9:55  Marauder  
  173  9:58  Marine, Marauder  
  181  10:03  Command Center  
  181  10:15  Barracks Tech Lab x2  
  181  10:21  Marine, Viking, Marauder x2  
  181  10:22  Marauder  
  159  10:43  Marauder x2  
  159  10:47  Marine x4, Marauder x3  
  154  10:55  Siege Tank  
  151  10:58  Medivac x2  
  155  11:04  Marine, Marauder  
  155  11:05  Marine x4  
  155  11:08  Marine x3  
  163  11:22  Marine x2  
  163  11:23  Marine x3  
  163  11:25  Marine  
  169  11:26  Marine x3  
  169  11:28  Viking, Medivac  
  169  11:29  Siege Tank  
  169  11:31  Planetary Fortress  
  179  11:40  Marine x5  
  179  11:43  Marine x3  
  179  11:44  Marine  
  186  11:57  Marine  
  186  11:58  Marine x4, Medivac x2  
  186  12:01  Marine, Siege Tank, Marauder  
  184  12:11  Marauder x2  
  180  12:16  Marine, Marauder  
  180  12:20  Marauder  
  179  12:23  Marauder  
  179  12:28  Viking x2  
  175  12:32  Marauder  
  175  12:33  Siege Tank, Marauder  
  182  12:38  Marauder  
  182  12:39  Marine x4  
  182  12:41  Marauder  
  192  12:44  Marauder  
  192  12:54  Marauder x2  
  192  12:57  Marine x4  
  197  13:14  Marine  
  197  13:15  Marine x3  
  195  13:21  Marine, Marauder x3  
  197  13:32  SCV x3  
  197  13:34  Missile Turret  
  191  13:44  SCV x3  
  175  13:56  SCV x2, Marauder x2  
  175  13:58  SCV  
  174  14:07  Marine, Marauder x2  
  174  14:08  SCV x2, Marine x3, Marauder  
  186  14:10  SCV  
  186  14:13  SCV  
  190  14:17  Marauder x2  
  190  14:20  SCV x2  
  190  14:22  SCV  
  195  14:25  SCV  
Show
View Real Time Build Order
Export as new Build Order

NORTHAMERICA Protoss 

Build Orders: Colossus Rush 

Get SALT Encoding   

  12  0:00  Probe  
  13  0:12  Probe  
  14  0:19  Pylon  
  14  0:24  Probe  
  15  0:37  Probe (Chrono Boost)  
  15  0:39  Gateway  
  16  0:48  Assimilator  
  16  0:49  Probe (Chrono Boost)  
  17  0:54  Probe (Chrono Boost)  
  18  1:04  Probe  
  19  1:13  Assimilator  
  19  1:16  Probe  
  20  1:20  Pylon  
  20  1:28  Probe  
  20  1:30  Cybernetics Core  
  20  1:32  Zealot (Chrono Boost)  
  23  1:40  Probe  
  24  1:52  Probe  
  25  2:06  Stalker  
  27  2:09  Probe (Chrono Boost)  
  28  2:17  Probe (Chrono Boost)  
  29  2:23  Nexus  
  29  2:27  Probe  
  30  2:30  Warp Gate (Chrono Boost)  
  30  2:40  Probe  
  31  2:46  Pylon  
  31  2:58  Robotics Facility  
  31  3:04  Probe  
  31  3:05  Sentry  
  34  3:08  Gateway  
  34  3:17  Probe  
  35  3:27  Shield Battery  
  35  3:31  Probe (Chrono Boost)  
  36  3:36  Probe (Chrono Boost)  
  38  3:45  Probe (Chrono Boost)  
  38  3:46  Probe (Chrono Boost)  
  39  3:48  Robotics Bay  
  39  3:50  Probe (Chrono Boost)  
  39  3:53  Probe  
  39  3:54  Warp Prism (Chrono Boost)  
  44  4:02  Probe  
  44  4:05  Probe  
  44  4:06  Pylon  
  45  4:15  Probe  
  46  4:17  Probe  
  46  4:20  Gateway  
  46  4:23  Sentry  
  49  4:24  Observer (Chrono Boost)  
  49  4:27  Probe  
  49  4:29  Probe  
  52  4:35  Pylon  
  52  4:36  Gravitic Drive  
  52  4:38  Disruptor (Chrono Boost)  
  52  4:39  Assimilator, Probe  
  52  4:41  Probe  
  57  4:46  Assimilator  
  57  4:48  Stalker  
  57  4:51  Probe  
  60  4:53  Probe  
  61  5:00  Pylon  
  61  5:06  Disruptor (Chrono Boost)  
  61  5:08  Observer  
  61  5:10  Nexus  
  61  5:13  Pylon, Probe  
  65  5:17  Probe  
  66  5:24  Twilight Council  
  66  5:25  Probe  
  67  5:35  Probe  
  68  5:39  Gateway  
  68  5:40  Colossus (Chrono Boost), Gateway  
  68  5:47  Probe x2  
  76  5:51  Extended Thermal Lance  
  76  5:57  Charge (Chrono Boost)  
  76  6:02  Forge  
  75  6:10  Probe  
  76  6:12  Stalker  
  76  6:13  Stalker  
  76  6:17  Zealot  
  82  6:25  Shield Battery  
  82  6:28  Protoss Ground Armor Level 1  
  82  6:30  Probe  
  82  6:32  Colossus (Chrono Boost)  
  83  6:36  Zealot  
  83  6:37  Probe  
  92  6:42  Probe x2  
  92  6:44  Photon Cannon  
  94  6:48  Zealot x2  
  98  6:57  Zealot  
  98  6:59  Pylon  
  95  7:03  Templar Archives  
  93  7:11  Zealot  
  93  7:12  Zealot x3  
  101  7:17  Probe  
  101  7:19  Pylon  
  102  7:23  Gateway  
  102  7:24  Gateway  
  102  7:26  Pylon  
  102  7:28  Disruptor (Chrono Boost)  
  102  7:30  Blink  
  105  7:38  Zealot x3  
  105  7:39  Zealot  
  105  7:44  Pylon  
  113  7:50  Photon Cannon  
  113  7:52  Shield Battery  
  113  7:54  Probe (Chrono Boost)  
  116  7:59  Probe (Chrono Boost)  
  116  8:00  Probe (Chrono Boost)  
  116  8:05  Probe (Chrono Boost)  
  117  8:06  Forge  
  117  8:07  High Templar x2  
  117  8:08  Probe (Chrono Boost)  
  117  8:09  Probe x2 (Chrono Boost)  
  124  8:16  Archon  
  124  8:17  Nexus  
  124  8:19  Probe  
  125  8:22  Stalker x2  
  125  8:25  High Templar  
  131  8:34  Zealot  
  124  8:41  Pylon  
  124  8:50  Assimilator, Protoss Ground Weapons Level 1 (Chrono Boost)  
  124  8:55  Colossus (Chrono Boost)  
  122  8:57  Assimilator  
  122  9:00  Probe  
  120  9:03  Pylon  
  120  9:05  Zealot x3  
  120  9:06  Zealot x3  
  132  9:10  Protoss Ground Armor Level 2 (Chrono Boost)  
  132  9:16  Pylon  
  132  9:18  Gateway  
  132  9:20  Gateway  
  132  9:24  Robotics Facility  
  132  9:29  Zealot x3  
  132  9:30  Zealot  
  140  9:34  Disruptor (Chrono Boost), High Templar  
  140  9:38  Archon  
  143  9:40  Stalker  
  145  9:47  Probe  
  145  9:48  Probe  
  147  9:57  Disruptor (Chrono Boost), Stalker x2  
  147  9:58  Stalker x2  
  153  10:05  Shield Battery  
  156  10:12  Probe  
  156  10:13  Assimilator, Probe x2  
  159  10:17  Assimilator, Zealot x2  
  163  10:25  Probe, Dark Shrine  
  163  10:27  Pylon  
  164  10:31  Disruptor (Chrono Boost)  
  159  10:38  Zealot  
  159  10:39  Zealot x4  
  159  10:40  Zealot  
  144  10:45  Zealot x2  
  144  10:48  Probe  
  144  10:49  Probe  
  144  10:52  Protoss Ground Weapons Level 2 (Chrono Boost)  
  142  10:58  Probe  
  142  11:00  Stalker x2  
  142  11:01  Stalker x3  
  153  11:05  Psionic Storm, Colossus (Chrono Boost)  
  153  11:10  Probe  
  160  11:13  Probe x2  
  160  11:14  Probe  
  163  11:20  Pylon  
  163  11:21  Pylon  
  163  11:40  High Templar  
  163  11:42  High Templar  
  163  11:43  Protoss Ground Armor Level 3 (Chrono Boost)  
  163  11:44  Dark Templar  
  163  11:45  Dark Templar  
  171  11:49  Pylon  
  171  11:50  High Templar  
  171  11:51  Zealot  
  171  11:52  Zealot x2  
  160  12:14  Zealot x2  
  160  12:15  Zealot x2, Colossus  
  152  12:18  Probe  
  152  12:21  Probe  
  147  12:34  Nexus  
  147  12:35  Stalker x3  
  147  12:36  Stalker x3  
  155  12:43  Dark Templar  
  157  12:54  Probe x3  
  157  12:56  Nexus  
  154  13:00  Dark Templar  
  154  13:01  Dark Templar  
  156  13:07  High Templar x2  
  156  13:08  Zealot  
  156  13:19  Probe  
  133  13:22  Dark Templar x2  
  133  13:24  Probe  
  133  13:30  Stalker  
  133  13:32  Immortal  
  137  13:38  Zealot x2  
  131  13:44  Probe  
  131  13:46  Probe  
  131  13:48  Pylon, Zealot x2  
  129  14:00  Archon  
  129  14:01  Probe  
  129  14:02  Zealot, High Templar x2  
  134  14:03  Zealot x2  
  134  14:06  Probe  
  141  14:13  Probe  
  150  14:23  High Templar  
  152  14:30  Zealot x2  
  152  14:31  Zealot x2  
  144  14:37  Zealot x2  
Tags
 
Add a new tag
Caveats
  • Supply blocks, unpowered buildings, or Contaminate may cause inaccurate times.
  • Supply counts are checked every 10 seconds.